Map: Dusk Towers

Players

Miszu - Winner!

  • Race: Terran Terran
  • League: Master

JoNesbo

  • Race: Terran Terran
  • League: Grandmaster

VOD

Have the link to the VOD?

Description

Time

  • Played on: April 8, 2016, 1:01 p.m.
  • Length: 12:38
Show
View Real Time Build Order
Export as new Build Order

Miszu Terran - Winner!

Build Orders: 1/1/1, Bio Tank 

Get SALT Encoding   

  12  0:00  SCV  
  13  0:12  SCV  
  14  0:18  Supply Depot  
  14  0:25  SCV  
  15  0:39  SCV  
  16  0:43  Barracks  
  16  0:46  Refinery  
  16  0:51  SCV  
  16  0:54  Refinery  
  17  1:03  SCV  
  18  1:15  SCV  
  19  1:28  SCV  
  20  1:33  Marine  
  20  1:34  Factory  
  21  1:42  Orbital Command  
  21  1:49  Supply Depot  
  21  1:51  Marine  
  22  2:09  Marine  
  22  2:11  SCV  
  24  2:20  Starport  
  24  2:22  Hellion  
  26  2:27  Marine, SCV  
  28  2:34  Supply Depot  
  28  2:44  Hellion  
  28  2:45  Marine  
  31  2:56  SCV  
  31  2:57  Medivac  
  34  3:00  Supply Depot  
  34  3:04  Marine  
  35  3:07  Hellion  
  37  3:25  Barracks Reactor  
  37  3:26  SCV  
  38  3:39  Starport Tech Lab, Command Center  
  38  3:40  Factory Tech Lab  
  39  3:44  SCV  
  39  3:45  Supply Depot  
  39  3:56  SCV  
  40  4:08  Cloaking Field, SCV, Banshee  
  40  4:26  SCV  
  40  4:32  Marine x2  
  42  4:39  SCV  
  42  4:51  SCV  
  42  4:52  Barracks, Orbital Command  
  42  4:53  Barracks  
  42  4:56  Marine  
  43  5:00  Siege Tank  
  43  5:03  SCV  
  43  5:05  Banshee  
  50  5:12  Engineering Bay  
  50  5:17  SCV x2  
  52  5:26  Supply Depot  
  52  5:29  Marine x2, SCV x2  
  52  5:34  Refinery  
  56  5:41  SCV x2  
  58  5:47  Barracks Tech Lab  
  58  5:48  Barracks Tech Lab  
  58  5:52  Terran Infantry Weapons Level 1  
  58  5:53  SCV  
  58  5:54  SCV  
  58  5:55  Supply Depot  
  60  5:57  Starport Reactor  
  60  6:01  Marine  
  60  6:02  Marine  
  62  6:05  Siege Tank, SCV  
  62  6:06  Marine x2, SCV  
  62  6:08  Stimpack  
  69  6:17  SCV  
  70  6:24  SCV  
  69  6:29  Marine x2, SCV  
  69  6:30  Marine x2  
  72  6:36  Medivac x2  
  72  6:37  Siege Tank  
  79  6:47  Marine x3  
  79  6:48  Marine, Combat Shields  
  62  7:05  Marine x3  
  62  7:11  SCV x2  
  62  7:14  Marine  
  60  7:23  Marine x2, SCV x2  
  64  7:35  SCV x2  
  64  7:38  Refinery  
  64  7:39  Barracks Reactor  
  64  7:40  Siege Tank  
  64  7:41  Marine x2  
  68  7:44  Medivac x2  
  68  7:45  Barracks  
  68  7:46  Barracks  
  68  7:47  SCV x2  
  74  7:59  Marine x2, SCV x2  
  78  8:05  Supply Depot  
  78  8:07  Supply Depot  
  78  8:11  SCV x2  
  80  8:14  Terran Infantry Armor Level 1  
  80  8:18  Medivac, Siege Tank  
  85  8:23  SCV  
  86  8:27  Marine x2, Medivac, SCV  
  86  8:28  Marine x2  
  86  8:32  Supply Depot  
  94  8:35  SCV  
  94  8:37  Barracks Reactor x2  
  94  8:39  SCV  
  95  8:45  Marine  
  95  8:47  SCV  
  96  8:51  SCV  
  96  8:55  Marine x3  
  87  8:59  SCV  
  84  9:02  Marine  
  84  9:04  Siege Tank  
  88  9:13  Marine x3  
  88  9:16  Command Center  
  91  9:20  Marine  
  91  9:22  Marine  
  91  9:23  Marine  
  91  9:24  Marine x2  
  96  9:29  SCV  
  96  9:30  Marine, SCV  
  99  9:31  Marine x2  
  99  9:38  Supply Depot, Marine, Medivac, Siege Tank  
  106  9:40  Marine  
  106  9:41  Marine x2  
  106  9:44  Armory  
  106  9:45  Engineering Bay  
  110  10:00  Marine x8  
  118  10:13  Supply Depot  
  118  10:16  Supply Depot  
  118  10:17  Supply Depot  
  118  10:18  Supply Depot  
  118  10:27  Marine x2  
  118  10:28  Siege Tank  
  123  10:31  Marine  
  122  10:36  Marine x5  
  127  10:45  Marine x2  
  127  10:48  Marine  
  125  10:54  Marine x5  
  130  11:00  Medivac x2  
  130  11:03  Marine x2  
  136  11:06  Marine  
  136  11:11  Marine  
  136  11:12  Marine x4  
  136  11:16  Siege Tank  
  142  11:21  Marine  
  143  11:30  Medivac  
  141  11:34  Medivac  
  141  11:39  Marine x2  
  144  11:41  Orbital Command  
  144  11:42  Refinery  
  145  11:47  Refinery  
  145  11:50  Marine  
  145  11:51  Marine x4  
  145  11:53  Marine  
  151  11:57  Marine  
  151  11:58  Marine  
  151  12:00  Medivac  
  155  12:03  Medivac  
  157  12:08  Marine  
  157  12:09  Marine x3  
  157  12:11  Supply Depot  
  157  12:12  Supply Depot  
  157  12:15  Marine  
  161  12:16  Marine x3  
Show
View Real Time Build Order
Export as new Build Order

JoNesbo Terran 

Build Orders: Reaper Expand 

Get SALT Encoding   

  12  0:01  SCV  
  13  0:13  SCV  
  14  0:17  Supply Depot  
  14  0:25  SCV  
  15  0:39  SCV  
  15  0:41  Barracks  
  16  0:45  Refinery  
  16  0:51  SCV  
  17  1:03  SCV  
  18  1:16  SCV  
  19  1:29  Reaper, Orbital Command  
  20  1:44  Command Center  
  20  1:55  Supply Depot, SCV  
  21  2:06  Marine  
  21  2:07  Factory  
  22  2:10  SCV  
  23  2:15  Refinery  
  23  2:23  SCV  
  23  2:27  Barracks Reactor  
  24  2:35  SCV  
  25  2:47  SCV  
  26  2:56  Factory Tech Lab  
  26  2:57  Starport  
  25  2:59  SCV  
  25  3:00  Orbital Command  
  25  3:03  Marine x2  
  28  3:06  Supply Depot  
  28  3:11  SCV  
  29  3:18  Siege Tank  
  32  3:21  Marine  
  32  3:22  Marine  
  32  3:23  SCV  
  36  3:27  SCV  
  36  3:35  SCV  
  36  3:36  Viking  
  36  3:39  SCV  
  40  3:45  Supply Depot  
  40  3:47  Marine x2, SCV  
  43  3:51  SCV  
  43  3:54  Siege Tank  
  47  4:01  SCV  
  48  4:03  SCV  
  48  4:04  Marine x2  
  48  4:05  Engineering Bay  
  48  4:09  Viking  
  44  4:27  SCV  
  44  4:28  SCV  
  46  4:32  Marine x2  
  47  4:41  SCV x2  
  49  4:50  Marine x2  
  51  4:53  Viking, SCV x2  
  51  4:59  Refinery  
  55  5:00  Supply Depot  
  55  5:05  SCV x2  
  57  5:08  Marine x2  
  59  5:15  Siege Tank  
  59  5:18  Missile Turret  
  62  5:22  SCV  
  62  5:24  SCV  
  62  5:27  Viking  
  66  5:28  Marine x2  
  66  5:33  Refinery  
  66  5:34  SCV  
  68  5:50  Command Center  
  68  5:51  Refinery  
  68  5:52  SCV  
  69  6:02  Marine, Missile Turret  
  70  6:10  SCV  
  70  6:13  Marine  
  70  6:14  SCV  
  68  6:19  Cyclone  
  68  6:20  Marine  
  68  6:21  Viking  
  68  6:31  Marine  
  68  6:33  Missile Turret  
  68  6:38  Marine  
  63  6:49  Marine  
  57  6:56  Marine  
  57  6:57  SCV x2  
  50  7:06  Marine  
  50  7:09  SCV x2  
  50  7:13  Marine  
  51  7:21  SCV x2  
  51  7:24  Marine  
  51  7:27  Barracks  
  51  7:28  Barracks  
  52  7:31  Marine  
  52  7:32  Barracks  
  52  7:33  SCV x2  
  49  7:42  Marine  
  50  7:45  Siege Tank, SCV x2  
  50  7:46  Starport Reactor  
  50  7:49  Marine  
  56  7:57  SCV  
  56  7:58  SCV  
  58  8:00  Marine  
  58  8:04  Orbital Command  
  59  8:07  Marine  
  59  8:09  SCV  
  59  8:10  Supply Depot, SCV  
  62  8:17  Barracks Tech Lab  
  62  8:18  Barracks Reactor, Barracks Tech Lab  
  62  8:19  Marine  
  63  8:22  SCV x2  
  63  8:25  Viking x2, Marine  
  70  8:28  Siege Tank  
  70  8:34  Supply Depot  
  73  8:38  Stimpack  
  73  8:39  Orbital Command  
  50  8:57  Marine x3  
  50  8:59  SCV x2  
  50  9:01  Marine x2  
  52  9:06  Combat Shields  
  52  9:08  SCV  
  53  9:12  SCV x2  
  53  9:13  Marine  
  53  9:14  Marine x2  
  53  9:15  Marine  
  59  9:19  Terran Infantry Weapons Level 1, Marine  
  59  9:21  SCV  
  61  9:29  SCV x2  
  63  9:33  SCV  
  63  9:37  Viking x2  
  67  9:41  SCV x2  
  67  9:45  Marine, SCV  
  70  9:46  Marine x5  
  76  9:53  SCV x2  
  78  10:02  Supply Depot  
  78  10:04  Supply Depot  
  78  10:05  Marine x2  
  78  10:06  Marine  
  81  10:07  Viking x2, Marine x2  
  81  10:09  Marine  
  88  10:15  Missile Turret  
  84  10:28  Siege Tank  
  84  10:34  Marine  
  84  10:35  Marine  
  81  10:54  Marine x3  
  81  10:55  Marine  
  85  11:00  Medivac  
  87  11:07  Orbital Command  
  87  11:14  Marine x2  
  87  11:17  Orbital Command  
  89  11:32  Liberator x2  
  89  11:34  SCV  
  94  11:50  Marine x3  
  94  11:53  SCV x2  
  101  11:59  Marine x3  
  104  12:08  Marine x3  
  106  12:17  Marine x3  
Tags
 
Add a new tag
Caveats
  • Supply blocks, unpowered buildings, or Contaminate may cause inaccurate times.
  • Supply counts are checked every 10 seconds.